| TOP OF THE 1ST |
|
Minnesota Twins batting - Pitching for California Angels : RHP Raimundo Michel
|
|
Pitching: RHP Raimundo Michel
|
|
|
Batting: RHB Lee Lacy
|
0-0: Foul Ball, location: 2F 0-1: Ball 1-1: Ball 2-1: Swinging Strike 2-2: Strikes out swinging
|
|
Batting: LHB Lloyd Moseby
|
0-0: Called Strike 0-1: Ground out 4-3 (Groundball, 4, EV 81.9 MPH)
|
|
Batting: RHB Steve Brye
|
0-0: Ball 1-0: Foul Ball, location: 2F 1-1: Ball 2-1: Ball 3-1: Called Strike 3-2: Base on Balls
|
|
Batting: RHB George Foster
|
0-0: Called Strike 0-1: Swinging Strike 0-2: Ball 1-2: Ball 2-2: Ball 3-2: Foul Ball, location: 2F 3-2: Foul Ball, location: 2F 3-2: Foul Ball, location: 2F 3-2: Base on Balls Steve Brye to second
|
|
Batting: SHB Jerry Mumphrey
|
0-0: Ball 1-0: SINGLE (Groundball, 4MD, EV 100.6 MPH) (infield hit) Steve Brye to third George Foster to second
|
|
Batting: RHB Matt Cooper
|
0-0: Called Strike 0-1: Foul Ball, location: 2F 0-2: Fly out, F7 (Flyball, 7S, EV 84.4 MPH)
|
| Top of the 1st over - 0 runs, 1 hit, 0 errors, 3 left on base; Minnesota 0 - California 0 |
| BOTTOM OF THE 1ST |
|
California Angels batting - Pitching for Minnesota Twins : RHP John Martin
|
|
Pitching: RHP John Martin
|
|
|
Batting: SHB Ignacio Medina
|
0-0: Hit by Pitch
|
|
Batting: RHB Jeff Atherton
|
0-0: Ball 1-0: Ball 2-0: Ball 3-0: Called Strike 3-1: Fly out, F9 (Line Drive, 89S, EV 91.9 MPH)
|
|
Batting: SHB Jon Hernandez
|
0-0: SINGLE (Line Drive, 8RM, EV 91.9 MPH) Ignacio Medina to second Runner from 2nd tries for 3rd, SAFE, no throw by CF
|
|
Batting: RHB Frank White
|
0-0: Ball 1-0: Ball 2-0: Ball 3-0: Called Strike 3-1: SINGLE (Line Drive, 89M, EV 106.3 MPH) Ignacio Medina scores Jon Hernandez to second
|
|
Batting: RHB Charlie Moore
|
0-0: Called Strike 0-1: Ball 1-1: Swinging Strike 1-2: Strikes out swinging
|
|
Batting: LHB John Milner
|
0-0: Called Strike 0-1: Ball 1-1: Foul Ball, location: 2F 1-2: Ground out 3-1 (Groundball, 34, EV 78.8 MPH)
|
| Bottom of the 1st over - 1 run, 2 hits, 0 errors, 2 left on base; Minnesota 0 - California 1 |
| TOP OF THE 2ND |
|
Minnesota Twins batting - Pitching for California Angels : RHP Raimundo Michel
|
|
Batting: LHB Eloy Escobedo
|
0-0: Ground out U3 (Groundball, 34, EV 81.9 MPH)
|
|
Batting: RHB Aurelio Rodriguez
|
0-0: Ball 1-0: SINGLE (Line Drive, 78M, EV 108.8 MPH)
|
|
Batting: LHB Ken Oberkfell
|
0-0: Ball 1-0: Called Strike 1-1: SINGLE (Line Drive, 7S, EV 104.4 MPH) Aurelio Rodriguez to second Aurelio Rodriguez to third
|
|
Batting: RHB Lee Lacy
|
0-0: Fly out, F6 (Popup, 15, EV 83.8 MPH)
|
|
Batting: LHB Lloyd Moseby
|
0-0: Called Strike 0-1: Ball 1-1: Ball 2-1: Swinging Strike 2-2: Strikes out swinging
|
| Top of the 2nd over - 0 runs, 2 hits, 0 errors, 2 left on base; Minnesota 0 - California 1 |
| BOTTOM OF THE 2ND |
|
California Angels batting - Pitching for Minnesota Twins : RHP John Martin
|
|
Batting: RHB Duke Hinds
|
0-0: Ball 1-0: Swinging Strike 1-1: Foul Ball, location: 2F 1-2: Strikes out swinging, 2-3 out at first.
|
|
Batting: RHB Carlos Pimentel
|
0-0: Ball 1-0: Foul Ball, location: 2F 1-1: Ball 2-1: Foul Ball, location: 2F 2-2: Ground out 6-3 (Groundball, 6, EV 88.8 MPH)
|
|
Batting: SHB Manny Castillo
|
0-0: Ball 1-0: Ball 2-0: Ball 3-0: Ground out 4-3 (Groundball, 4, EV 86.9 MPH)
|
| Bottom of the 2nd over - 0 runs, 0 hits, 0 errors, 0 left on base; Minnesota 0 - California 1 |
| TOP OF THE 3RD |
|
Minnesota Twins batting - Pitching for California Angels : RHP Raimundo Michel
|
|
Batting: RHB Steve Brye
|
0-0: Ball 1-0: Called Strike 1-1: Ball 2-1: SINGLE (Groundball, 34D, EV 96.3 MPH)
|
|
Batting: RHB George Foster
|
0-0: Called Strike 0-1: Ball 1-1: Grounds into double play, 6-4-3 (Groundball, 6, EV 92.5 MPH)
|
|
Batting: SHB Jerry Mumphrey
|
0-0: Foul Ball, location: 2F 0-1: Ball 1-1: Swinging Strike 1-2: Fly out, F8 (Flyball, 8RXD, EV 101.3 MPH)
|
| Top of the 3rd over - 0 runs, 1 hit, 0 errors, 0 left on base; Minnesota 0 - California 1 |
| BOTTOM OF THE 3RD |
|
California Angels batting - Pitching for Minnesota Twins : RHP John Martin
|
|
Batting: SHB Ignacio Medina
|
0-0: Ball 1-0: Ball 2-0: Ground out U3 (Groundball, 3, EV 81.3 MPH)
|
|
Batting: RHB Jeff Atherton
|
0-0: Ball 1-0: Fly out, F4 (Line Drive, 4, EV 61.3 MPH)
|
|
Batting: SHB Jon Hernandez
|
0-0: Foul Ball, location: 2F 0-1: Foul Ball, location: 2F 0-2: SOLO HOME RUN (Flyball, 9LD, EV 95.0 MPH), Distance : 367 ft
|
|
Batting: RHB Frank White
|
0-0: Ball 1-0: Ball 2-0: Fly out, F8 (Line Drive, 8LM, EV 86.9 MPH)
|
| Bottom of the 3rd over - 1 run, 1 hit, 0 errors, 0 left on base; Minnesota 0 - California 2 |
| TOP OF THE 4TH |
|
Minnesota Twins batting - Pitching for California Angels : RHP Raimundo Michel
|
|
Batting: RHB Matt Cooper
|
0-0: Ground out 4-3 (Groundball, 4, EV 91.3 MPH)
|
|
Batting: LHB Eloy Escobedo
|
0-0: Called Strike 0-1: Ball 1-1: Ball 2-1: Ground out 4-3 (Groundball, 4, EV 101.9 MPH)
|
|
Batting: RHB Aurelio Rodriguez
|
0-0: Ball 1-0: Foul Ball, location: 2F 1-1: Foul Ball, location: 2F 1-2: Ball 2-2: Ground out 5-3 (Groundball, 5S, EV 71.9 MPH)
|
| Top of the 4th over - 0 runs, 0 hits, 0 errors, 0 left on base; Minnesota 0 - California 2 |
| BOTTOM OF THE 4TH |
|
California Angels batting - Pitching for Minnesota Twins : RHP John Martin
|
|
Batting: RHB Charlie Moore
|
0-0: Called Strike 0-1: Called Strike 0-2: Ball 1-2: Ball 2-2: Foul Ball, location: 2F 2-2: Ball 3-2: Base on Balls
|
|
Batting: LHB John Milner
|
0-0: Reached on error, E4 (Groundball, 4D, EV 99.4 MPH) Charlie Moore to second
|
|
Batting: RHB Duke Hinds
|
0-0: Ball Charlie Moore steals 3rd base (no throw) 1-0: Ball 2-0: Called Strike 2-1: Ball 3-1: Base on Balls John Milner to second
|
|
Batting: RHB Carlos Pimentel
|
0-0: Swinging Strike 0-1: Ball 1-1: Grounds into fielders choice 1-2 (Groundball, 15S, EV 68.8 MPH) John Milner to third Duke Hinds to second
|
|
Batting: SHB Manny Castillo
|
0-0: Grounds into fielders choice 5-2 (Groundball, 5, EV 98.8 MPH) Duke Hinds to third Carlos Pimentel to second
|
|
Batting: SHB Ignacio Medina
|
0-0: Called Strike 0-1: Fly out, F1 (Line Drive, P, EV 64.4 MPH)
|
| Bottom of the 4th over - 0 runs, 0 hits, 1 error, 3 left on base; Minnesota 0 - California 2 |
| TOP OF THE 5TH |
|
Minnesota Twins batting - Pitching for California Angels : RHP Raimundo Michel
|
|
Batting: LHB Ken Oberkfell
|
0-0: Called Strike 0-1: Ground out 6-3 (Groundball, 6S, EV 88.8 MPH)
|
|
Batting: RHB Lee Lacy
|
0-0: Fly out, F8 (Flyball, 8LM, EV 87.5 MPH)
|
|
Batting: LHB Lloyd Moseby
|
0-0: Ground out 4-3 (Groundball, 4S, EV 88.8 MPH)
|
| Top of the 5th over - 0 runs, 0 hits, 0 errors, 0 left on base; Minnesota 0 - California 2 |
| BOTTOM OF THE 5TH |
|
California Angels batting - Pitching for Minnesota Twins : RHP John Martin
|
|
Batting: RHB Jeff Atherton
|
0-0: Called Strike 0-1: Foul Ball, location: 2F 0-2: Foul Ball, location: 2F 0-2: Ball 1-2: Foul Ball, location: 2F 1-2: Foul Ball, location: 2F 1-2: DOUBLE (Line Drive, 7LS, EV 96.9 MPH)
|
|
Batting: SHB Jon Hernandez
|
0-0: Foul Ball, location: 2F 0-1: Called Strike 0-2: 2-RUN HOME RUN (Flyball, 9D, EV 102.5 MPH), Distance : 414 ft
|
|
Batting: RHB Frank White
|
0-0: Called Strike 0-1: Foul Ball, location: 2F 0-2: SINGLE (Groundball, 6D, EV 106.3 MPH)
|
|
Batting: RHB Charlie Moore
|
0-0: Called Strike 0-1: Fly out, F9 (Flyball, 9LM, EV 89.4 MPH) Runner from 1st tags up, SAFE at 2nd
|
|
Batting: LHB John Milner
|
0-0: Fly out, F8 (Line Drive, 8RM, EV 102.5 MPH)
|
|
Batting: RHB Duke Hinds
|
0-0: Ball 1-0: Foul Ball, location: 2F 1-1: DOUBLE (Line Drive, 78D, EV 109.4 MPH) Frank White scores
|
|
Batting: RHB Carlos Pimentel
|
0-0: Ball 1-0: Ball 2-0: Called Strike 2-1: Ball 3-1: Base on Balls
|
|
Batting: SHB Manny Castillo
|
0-0: Ball 1-0: Foul Ball, location: 2F 1-1: Foul Ball, location: 2F 1-2: Foul Ball, location: 2F 1-2: Ball 2-2: Ground out U3 (Groundball, 3, EV 99.4 MPH)
|
| Bottom of the 5th over - 3 runs, 4 hits, 0 errors, 2 left on base; Minnesota 0 - California 5 |
| TOP OF THE 6TH |
|
Minnesota Twins batting - Pitching for California Angels : RHP Raimundo Michel
|
|
Batting: RHB Steve Brye
|
0-0: Fly out, F7 (Flyball, 78D, EV 92.5 MPH)
|
|
Batting: RHB George Foster
|
0-0: Foul Ball, location: 2F 0-1: Ball 1-1: DOUBLE (Flyball, 8LXD, EV 98.1 MPH)
|
|
Batting: SHB Jerry Mumphrey
|
0-0: Ball 1-0: Ball Passed Ball! George Foster to third 2-0: Ball 3-0: Base on Balls
|
|
Batting: RHB Matt Cooper
|
0-0: Fly out, F8 (Flyball, 8RD, EV 90.6 MPH) Runner from 3rd tags up, SCORES, throw by CF
|
|
Batting: LHB Eloy Escobedo
|
0-0: Swinging Strike 0-1: Ball Jerry Mumphrey steals 2nd base 1-1: Ground out 4-3 (Groundball, 4, EV 90.0 MPH)
|
| Top of the 6th over - 1 run, 1 hit, 0 errors, 1 left on base; Minnesota 1 - California 5 |
| BOTTOM OF THE 6TH |
|
California Angels batting - Pitching for Minnesota Twins : RHP John Martin
|
|
Batting: SHB Ignacio Medina
|
0-0: Called Strike 0-1: Foul Ball, location: 2F 0-2: Ball 1-2: Ball 2-2: Foul Ball, location: 2F 2-2: Ball 3-2: Foul Ball, location: 2F 3-2: Base on Balls
|
|
Pitching: RHP Mark Fidrych
|
|
|
Batting: RHB Jeff Atherton
|
0-0: Bunted foul 0-1: Bunted foul 0-2: Foul Ball, location: 2F 0-2: Ball 1-2: Ball 2-2: Foul Ball, location: 2F 2-2: Strikes out swinging
|
|
Batting: SHB Jon Hernandez
|
0-0: Ball 1-0: Ball 2-0: Ball 3-0: Called Strike 3-1: Base on Balls Ignacio Medina to second
|
|
Batting: RHB Frank White
|
0-0: Ball 1-0: Called Strike 1-1: Ball 2-1: Foul Ball, location: 2F 2-2: Fielders Choice at 2nd, 5-4 (Groundball, 56, EV 87.5 MPH) Ignacio Medina to third
|
|
Batting: RHB Charlie Moore
|
0-0: Called Strike 0-1: Swinging Strike 0-2: Foul Ball, location: 2F 0-2: Ball 1-2: Foul Ball, location: 2F 1-2: Hit by Pitch Frank White to second
|
|
Batting: LHB John Milner
|
0-0: Ground out U3 (Groundball, 3, EV 85.6 MPH)
|
| Bottom of the 6th over - 0 runs, 0 hits, 0 errors, 3 left on base; Minnesota 1 - California 5 |
| TOP OF THE 7TH |
|
Minnesota Twins batting - Pitching for California Angels : RHP Raimundo Michel
|
|
Batting: RHB Aurelio Rodriguez
|
0-0: Called Strike 0-1: Ball 1-1: Ball 2-1: Foul Ball, location: 2F 2-2: Foul Ball, location: 2F 2-2: Ball 3-2: Base on Balls
|
|
Batting: LHB Ken Oberkfell
|
0-0: Ball 1-0: Ground out 4-3 (Groundball, 4MS, EV 80.0 MPH) Aurelio Rodriguez to second
|
|
Batting: RHB Lee Lacy
|
0-0: Foul Ball, location: 2F 0-1: SINGLE (Line Drive, 6D, EV 96.9 MPH) Aurelio Rodriguez to third Runner from 3rd tries for Home, throw by CF and OUT! 8-2
|
|
Batting: LHB Lloyd Moseby
|
0-0: Called Strike 0-1: Foul Ball, location: 2F 0-2: Ground out U3 (Groundball, 3, EV 88.8 MPH)
|
| Top of the 7th over - 0 runs, 1 hit, 0 errors, 1 left on base; Minnesota 1 - California 5 |
| BOTTOM OF THE 7TH |
|
California Angels batting - Pitching for Minnesota Twins : RHP Mark Fidrych
|
|
Now at 2B: Taylor Duncan
|
|
|
Batting: RHB Duke Hinds
|
0-0: Ground out 6-3 (Groundball, 4M, EV 84.4 MPH)
|
|
Batting: RHB Carlos Pimentel
|
0-0: Ball 1-0: SINGLE (Line Drive, 4MD, EV 100.6 MPH)
|
|
Batting: SHB Manny Castillo
|
0-0: Ball 1-0: Ball 2-0: Fly out, F9 (Line Drive, 9, EV 91.9 MPH)
|
|
Batting: SHB Ignacio Medina
|
0-0: Ball 1-0: Ball 2-0: Called Strike 2-1: Ball 3-1: Foul Ball, location: 2F 3-2: Ground out 4-3 (Groundball, 4, EV 78.1 MPH)
|
| Bottom of the 7th over - 0 runs, 1 hit, 0 errors, 1 left on base; Minnesota 1 - California 5 |
| TOP OF THE 8TH |
|
Minnesota Twins batting - Pitching for California Angels : RHP Raimundo Michel
|
|
Batting: RHB Steve Brye
|
0-0: Called Strike 0-1: Foul Ball, location: 2F 0-2: Ball 1-2: Foul Ball, location: 2F 1-2: SINGLE (Line Drive, 89S, EV 85.6 MPH)
|
|
Batting: RHB George Foster
|
0-0: Ball 1-0: Ball 2-0: Ball 3-0: Called Strike 3-1: Called Strike 3-2: Grounds into double play, 6-4-3 (Groundball, 6, EV 90.0 MPH)
|
|
Batting: SHB Jerry Mumphrey
|
0-0: Foul Ball, location: 2F 0-1: Ground out 6-3 (Groundball, 6, EV 82.5 MPH)
|
| Top of the 8th over - 0 runs, 1 hit, 0 errors, 0 left on base; Minnesota 1 - California 5 |
| BOTTOM OF THE 8TH |
|
California Angels batting - Pitching for Minnesota Twins : RHP Mark Fidrych
|
|
Batting: RHB Jeff Atherton
|
0-0: Ball 1-0: Called Strike 1-1: Called Strike 1-2: Reached on error, E2 (Groundball, 2L, EV 68.1 MPH)
|
|
Batting: SHB Jon Hernandez
|
0-0: Fly out, F8 (Line Drive, 8RM, EV 85.0 MPH)
|
|
Batting: RHB Frank White
|
0-0: Ball 1-0: Foul Ball, location: 2F 1-1: Ball 2-1: Fly out, F8 (Flyball, 8LM, EV 77.5 MPH)
|
|
Pitching: RHP David Roberts
|
|
|
Batting: RHB Charlie Moore
|
0-0: Ball 1-0: Swinging Strike 1-1: Ball 2-1: Foul Ball, location: 2F 2-2: Ball 3-2: Foul Ball, location: 2F 3-2: SINGLE (Groundball, 56D, EV 96.3 MPH) Jeff Atherton to third Jeff Atherton scores
|
|
Batting: LHB John Milner
|
0-0: Ball 1-0: Called Strike 1-1: Called Strike 1-2: Ball 2-2: Foul Ball, location: 2F 2-2: Reached on error, E5 (Groundball, 56S, EV 80.0 MPH) Charlie Moore to second
|
|
Batting: RHB Duke Hinds
|
0-0: Swinging Strike 0-1: Ball 1-1: Foul Ball, location: 2F 1-2: Foul Ball, location: 2F 1-2: Foul Ball, location: 2F 1-2: Foul Ball, location: 2F 1-2: Ball 2-2: Strikes out swinging
|
| Bottom of the 8th over - 1 run, 1 hit, 2 errors, 2 left on base; Minnesota 1 - California 6 |
| TOP OF THE 9TH |
|
Minnesota Twins batting - Pitching for California Angels : RHP Raimundo Michel
|
|
Pitching: RHP Herberto Folgueira
|
|
|
Batting: RHB Matt Cooper
|
0-0: Ball 1-0: Called Strike 1-1: Ground out 1-3 (Groundball, 15S, EV 61.3 MPH)
|
|
Batting: LHB Eloy Escobedo
|
0-0: Called Strike 0-1: Fly out, F8 (Line Drive, 8RD, EV 92.5 MPH)
|
|
Batting: RHB Taylor Duncan
|
0-0: Called Strike 0-1: Foul Ball, location: 2F 0-2: Ball 1-2: Ground out 6-3 (Groundball, 6S, EV 60.0 MPH)
|
| Top of the 9th over - 0 runs, 0 hits, 0 errors, 0 left on base; Minnesota 1 - California 6 |
|